 Dungeon Crawl Stone Soup version 0.29.0-7-g18a832c13a (webtiles) character file.

Game seed: 13797286524880526719

265365 Anamonty the Imperceptible (level 19, -3/144 HPs)
             Began as a Vampire Enchanter on Aug 31, 2022.
             Killed from afar by a crystal guardian (23 damage)
             ... with a crystal bolt
             ... led by a peacekeeper
             ... on level 3 of the Vaults on Sept 1, 2022.
             The game lasted 01:49:50 (45770 turns).

Anamonty the Imperceptible (Vampire Enchanter)     Turns: 45770, Time: 01:49:51

Health: -3/144     AC: 15    Str: 11    XL:     19   Next: 30%
Magic:  10/34      EV: 21    Int: 32    God:
Gold:   2657       SH:  0    Dex: 20    Spells: 2/41 levels left

rFire   . . .      SeeInvis +   O - +8 short sword "Byiwy" {protect, rElec Int+3}
rCold   . . .      Faith    .   (no shield)
rNeg    . . .      Spirit   .   a - +3 leather armour {rPois}
rPois   +          Reflect  .   X - +2 helmet {Int+3}
rElec   +          Harm     .   G - +2 cloak {Will+}
rCorr   .          Rampage  .   (no gloves)
Will    ++...                   x - +0 pair of boots
Stlth   ++++++++..              T - amulet of regeneration
HPRegen 1.34/turn               U - ring of Paoli {Wiz Int+6 Dex+4}
MPRegen 0.24/turn               K - ring of flight

@: flying, healing quickly, studying Long Blades
A: alive, fangs 3, see invisible, vampiric 2
}: 2/15 runes: barnacled, gossamer
a: Exsanguinate


You were on level 3 of the Vaults.
You visited 7 branches of the dungeon, and saw 34 of its levels.
You also visited: Gauntlet.

You collected 3780 gold pieces.
You spent 1123 gold pieces at shops.

Inventory:

Hand Weapons
 k - a +6 dagger of venom
 O - the +8 short sword "Byiwy" (weapon) {protect, rElec Int+3}
   (You found it on level 13 of the Dungeon)

   It grants its wielder temporary protection when it strikes (+7 to AC).
   Int:       It affects your intelligence (+3).
   rElec:     It insulates you from electricity.
Missiles
 o - 3 curare-tipped darts
Armour
 a - a +3 leather armour of poison resistance (worn)
 x - a +0 pair of boots (worn)
 G - a +2 cloak of willpower (worn)
 X - a +2 helmet of intelligence (worn)
Jewellery
 z - a ring of positive energy
 K - a ring of flight (right hand)
 M - a +4 ring of protection
 R - a +6 ring of intelligence
 S - a +6 ring of strength
 T - an amulet of regeneration (around neck)
 U - the ring of Paoli (left hand) {Wiz Int+6 Dex+4}
   (You found it on level 2 of the Lair of Beasts)

   [ring of wizardry]

   It improves your spell success rate.
   Int:       It affects your intelligence (+6).
   Dex:       It affects your dexterity (+4).
Wands
 m - a wand of digging (22)
 D - a wand of roots (41) (quivered)
 E - a wand of acid (9)
 I - a wand of mindburst (13)
 N - a wand of charming (37)
 V - a wand of flame (23)
 Z - a wand of polymorph (4)
Scrolls
 h - 10 scrolls of fear
 j - 4 scrolls of noise
 l - 14 scrolls of teleportation
 n - 2 scrolls of amnesia
 p - 5 scrolls of poison
 q - 2 scrolls of brand weapon
 s - 11 scrolls of identify
 t - a scroll of enchant armour
 u - 6 scrolls of fog
 w - 6 scrolls of torment
 y - 5 scrolls of magic mapping
 A - 8 scrolls of vulnerability
 H - a scroll of silence
 Q - 3 scrolls of blinking
Potions
 c - 4 potions of invisibility
 d - 13 potions of curing
 e - 5 potions of brilliance
 f - 12 potions of might
 g - 6 potions of ambrosia
 i - 4 potions of cancellation
 r - 11 potions of heal wounds
 v - 10 potions of haste
 B - 11 potions of attraction
 C - a potion of resistance
 F - 2 potions of berserk rage
 J - 5 potions of mutation
 P - 3 potions of lignification
 W - 4 potions of magic
 Y - 7 potions of flight
Miscellaneous
 b - a condenser vane
 L - a phantom mirror


   Skills:
 + Level 11.2 Fighting
 - Level 12.0 Short Blades
 + Level 8.6 Armour
 + Level 13.6 Dodging
 + Level 22.3 Stealth
 + Level 11.6 Spellcasting
 + Level 22.1 Hexes
 * Level 10.8 Summonings
 + Level 9.5 Evocations


You had 2 spell levels left.
You knew the following spells:

 Your Spells              Type           Power      Damage    Failure   Level
a - Ensorcelled Hibernat  Hex/Ice        100%       N/A       1%          2
b - Tukima's Dance        Hex            100%       N/A       0%          3
c - Confusing Touch       Hex            100%       N/A       0%          3
d - Discord               Hex            51%        N/A       1%          8
e - Cause Fear            Hex            51%        N/A       0%          4
f - Enfeeble              Hex            51%        N/A       1%          7
g - Dazzling Flash        Conj/Hex       100%       N/A       1%          3
h - Summon Mana Viper     Hex/Summ       90%        N/A       1%          5
i - Anguish               Hex/Necr       36%        N/A       1%          4

Your spell library contained the following spells:

 Spells                   Type           Power      Damage    Failure   Level
 Apportation              Tloc           36%        N/A       1%          1
 Necrotise                Necr           72%        1d7       1%          1
 Sandblast                Erth           36%        2d10      1%          1
 Shock                    Conj/Air       72%        1d7       1%          1
 Summon Small Mammal      Summ           100%       N/A       1%          1
 Passwall                 Tmut/Erth      15%        N/A       1%          2
 Static Discharge         Conj/Air       18%        3-6/arc   1%          2
 Sublimation of Blood     Necr           18%        N/A       1%          2
 Animate Armour           Summ/Erth      100%       N/A       1%          4
 Fulminant Prism          Conj/Hex       36%        3d18      1%          4
 Summon Ice Beast         Ice/Summ       52%        N/A       1%          4
 Lesser Beckoning         Tloc           18%        N/A       4%          3
 Ozocubu's Armour         Ice            18%        N/A       4%          3
 Spider Form              Tmut/Pois      18%        N/A       4%          3
 Stone Arrow              Conj/Erth      36%        3d9       4%          3
 Swiftness                Air            18%        N/A       4%          3
 Teleport Other           Tloc           18%        N/A       4%          3
 Monstrous Menagerie      Summ           36%        N/A       12%         7
 Airstrike                Air            9%         2d(2-18)  13%         4
 Animate Dead             Necr           18%        N/A       13%         4
 Iskenderun's Mystic Bla  Conj/Tloc      18%        2d6       13%         4
 Petrify                  Tmut/Erth      18%        N/A       13%         4
 Irradiate                Conj/Tmut      9%         3d14      32%         5
 Lee's Rapid Deconstruct  Erth           9%         3d8*      32%         5
 Lightning Bolt           Conj/Air       9%         1d21      32%         5
 Haunt                    Necr/Summ      26%        N/A       71%         7
 Conjure Ball Lightning   Conj/Air       9%         3x3d6     86%         6
 Dragon Form              Tmut           9%         N/A       100%        7
 Ozocubu's Refrigeration  Ice            9%         4d9       100%        7
 Disjunction              Tloc           9%         N/A       100%        8
 Infestation              Necr           9%         N/A       100%        8
 Lehudib's Crystal Spear  Conj/Erth      9%         10d4      100%        8
 Maxwell's Capacitive Co  Air            9%         ∞         100%        8
 Dragon's Call            Summ           36%        N/A       100%        9


Dungeon Overview and Level Annotations

Branches:
Dungeon (15/15)            Temple (1/1) D:4            Lair (5/5) D:11
 Shoals (4/4) Lair:3       Spider (4/4) Lair:3        Slime (0/5) Lair:4
    Orc (2/2) D:11            Elf (0/3) Orc:2        Vaults (3/5) D:14
  Crypt (0/3) Vaults:2     Depths (0/4) D:15        Gauntlet (visited)

Altars:
Cheibriados
Dithmenos
Fedhas
Hepliaklqana
Kikubaaqudgha
Makhleb
Nemelex Xobeh
Okawaru
Qazlal
Ru
Sif Muna
Trog
Uskayaw
Vehumet
Wu Jian
Xom
Yredelemnul
Jiyva
Lugonu

Shops:
D:3 [   D:9 *!   Orc:2 =([*

Portals:
Abyss: Lair:5
Trove: D:12 (give 2 scrolls of acquirement)

Annotations:
D:8 3 runed translucent doors, lurch's ghost, novice DgHu
Shoals:1 2 runed translucent doors, Liimbo's ghost, adept FoWn
Shoals:3 2 transporters, Querens's ghost, adept MeFi
Orc:2 3 runed translucent doors, Bigaod's ghost, journeyman DsGl; Jeffwins's ghost, journeyman OgMo; Voleoc's ghost, journeyman GrFi


Innate Abilities, Weirdness & Mutations

Your natural rate of healing is accelerated.
You have razor-sharp teeth.
You have supernaturally acute eyesight. (SInv)
You are afflicted with vampirism and can become a bat while bloodless.


Message History

The crystal guardian goes into a battle-frenzy!
Unknown command.
You hit the peacekeeper but do no damage.
You bite the peacekeeper.
The peacekeeper is almost destroyed.
You carefully extract the barbed spikes from your body.
Your mana viper bites the peacekeeper.
The peacekeeper barely misses you.
The peacekeeper claws you but does no damage.
The crystal guardian completely misses your mana viper.
You hit the peacekeeper.
You destroy the peacekeeper!
Your mana viper bites the crystal guardian.
The crystal guardian's magic leaks into the air.
Your mana viper bites the crystal guardian!
The crystal guardian's magic leaks into the air.
The crystal guardian fires a crystalline bolt at you.
The crystal bolt burns your mana viper!!!
Your mana viper dies!
Your mana viper disappears in a puff of smoke!
The crystal bolt burns you!!!
Casting: Enfeeble (mildly dangerous; 1% risk of failure)
Confirm with . or Enter, or press ? or * to list all spells.
Aiming: Enfeeble (mildly dangerous; 1% risk of failure)
Press: ? - help, Shift-Dir - straight line, f - crystal guardian
Aim: a crystal guardian (moderately damaged, strong, magic disrupted, will inflict weakness and antimagic)
The crystal guardian partially resists.
The crystal guardian is enfeebled!
Unknown command.
There is an open door here.
You reach down and close the door.
A crystal guardian opens the door.
Casting: Enfeeble (mildly dangerous; 1% risk of failure)
Confirm with . or Enter, or press ? or * to list all spells.
A mana viper appears with a sibilant hiss.
The crystal guardian fires a crystalline bolt at you.
The crystal bolt freezes you!!!
* * * LOW HITPOINT WARNING * * *
The crystal bolt misses you.
The crystal guardian fires a crystalline bolt at you.
The crystal bolt freezes you!!
You die...

#####'#### #...
#......## #..
#..#.#..## #9#
#.#.†#..)## ##.##
#.†..###..## #...##
#.###..#...# ##...##
#..†#..###.# ##...##
##..###....#### ##....#
##...#.@#.##.##
#9.#^..#
##..#.#..'...###.###...
##.....9##...#..# #.#
###'######....## ##
#.......###...#
#.......# ##...#
#.......# ##...#
#.......# ##.##
#....(..# ##


You could see a crystal guardian (strong).

Vanquished Creatures
  Saint Roka (Vaults:1)
  Rupert (Orc:2)
  A titan (Shoals:4)
  A sphinx (Vaults:2)
  Agnes (D:15)
  4 vault wardens
  A fire giant (D:15)
  2 orc warlords (Vaults:2)
  Aizul (Vaults:3)
  3 emperor scorpions (Spider:4)
  2 ironbound preservers
  3 ghost moths
  A ghoul (Vaults:2)
  2 broodmothers
  An ironbound thunderhulk (Vaults:1)
  A very ugly thing (Vaults:1)
  2 entropy weavers
  A deep elf annihilator (Vaults:2)
  3 spark wasps
  An ettin (Orc:2)
  3 yaktaur captains (Vaults:2)
  3 merfolk javelineers (Shoals:4)
  A great orb of eyes (Vaults:2)
  9 merfolk impalers
  11 hydras
  A jiangshi (Vaults:2)
  2 vault guards
  A rakshasa (D:15)
  A peacekeeper (Vaults:3)
  12 boulder beetles
  Erolcha (Orc:1)
  2 radroaches
  6 centaur warriors
  2 two-headed ogres
  A jorogumo (Spider:2)
  6 ironbound frosthearts
  A catoblepas (Lair:3)
  3 merfolk avatars
  3 death yaks
  A merfolk aquamancer (Shoals:4)
  Urug (Orc:1)
  A satyr (Shoals:3)
  A tengu warrior (D:14)
  An orc high priest (Orc:2)
  Sonja (D:10)
  2 thrashing horrors (Lair:5)
  A fire crab (Lair:4)
  4 pharaoh ants
  3 sun moths
  10 sea snakes
  5 orb spiders
  2 steelbarb worms
  5 deep trolls
  3 wizards
  6 lindwurms
  4 harpies
  7 ironbound convokers
  9 wolf spiders
  5 orc knights
  3 deep elf pyromancers
  6 fauns
  7 manticores
  8 cyclopes
  A moth of wrath (Spider:4)
  4 ugly things
  An elephant (Lair:3)
  2 black mambas
  5 water nymphs
  4 merfolk sirens
  6 vault sentinels
  8 cane toads
  3 torpor snails
  2 smoke demons (Lair:5)
  A gargoyle (D:10)
  A cane toad (shapeshifter) (D:14)
  4 yaktaurs
  4 demonic crawlers
  8 rime drakes
  11 komodo dragons
  3 efreet (D:14)
  An ancient zyme (Lair:5)
  2 meliai (D:13)
  13 merfolk
  3 trolls
  3 wind drakes
  3 large abominations (Lair:5)
  8 tarantellas
  Grinder (D:3)
  2 polar bears
  A hornet (D:8)
  Prince Ribbit (D:8)
  A wolf spider simulacrum (D:15)
  2 dream sheep (Shoals:4)
  10 slime creatures
  12 blink frogs
  2 centaur simulacra (D:13)
  4 snapping turtles
  9 culicivoras
  13 jumping spiders
  A shadow (D:11)
  3 air elementals (Shoals:4)
  12 water elementals
  10 wyverns
  A ynoxinul (Lair:5)
  29 yaks
  A vampire (D:10)
  3 wraiths
  A steam dragon (D:6)
  13 redbacks
  3 basilisks
  A warg (Orc:2)
  A redback simulacrum (D:13)
  An acid dragon (D:11)
  34 water moccasins
  11 orc warriors
  3 ice beasts
  2 sky beasts
  A black bear (D:11)
  5 ogres
  A centaur (shapeshifter) (Lair:5)
  21 wolves
  7 centaurs
  A phantom (D:5)
  10 bullfrogs
  2 kobold brigands (D:9)
  A gnoll sergeant (D:3)
  7 scorpions
  5 necrophages (Lair:4)
  2 wights (D:7)
  8 small abominations (Lair:5)
  4 electric eels
  6 howler monkeys
  6 jellies
  6 hounds
  8 orc priests
  3 iron imps (D:4)
  An iguana (D:6)
  15 orc wizards
  Terence (D:2)
  24 adders
  2 white imps
  3 ufetubi
  2 worms
  3 dart slugs
  45 orcs
  4 endoplasms
  9 giant cockroaches
  7 goblins
  10 hobgoblins
  3 jackals (D:2)
  17 kobolds
  3 quokkas
  9 ball pythons
  5 bats
  2 frilled lizards (D:2)
  7 rats
763 creatures vanquished.

Vanquished Creatures (collateral kills)
  A quicksilver dragon (Vaults:2)
  Polyphemus (Shoals:2)
  Kirke (D:13)
  A kraken (Shoals:1)
  Ilsuiw (Shoals:3)
  A vault warden (Vaults:2)
  2 emperor scorpions
  A frost giant (Vaults:2)
  An orc warlord (Orc:2)
  A very ugly thing (Vaults:1)
  4 ironbound preservers
  A war gargoyle (Vaults:2)
  2 entropy weavers (Spider:4)
  2 ettins (Vaults:2)
  3 merfolk javelineers
  2 merfolk impalers (Shoals:4)
  2 yaktaur captains (Vaults:2)
  3 great orbs of eyes
  A catoblepas (Shoals:2)
  A vault guard (Vaults:1)
  3 merfolk aquamancers
  3 centaur warriors
  2 ironbound frosthearts
  A radroach (Spider:4)
  A two-headed ogre (D:10)
  A death yak (Shoals:2)
  2 satyrs
  4 sun moths
  2 pharaoh ants (Spider:4)
  17 deep trolls
  A sea snake (Shoals:1)
  4 orb spiders
  A phantasmal warrior (Vaults:2)
  4 steelbarb worms
  5 wizards
  7 harpies
  6 ironbound convokers
  10 lindwurms
  6 wolf spiders
  A necromancer (Vaults:2)
  4 orc knights
  11 ugly things
  3 orc sorcerers (Orc:2)
  10 fauns
  2 manticores (Shoals:3)
  5 merfolk sirens
  A smoke demon (Lair:5)
  A moth of wrath (Spider:4)
  4 vault sentinels
  2 water nymphs
  Maggie (D:10)
  8 demonic crawlers
  9 yaktaurs
  13 merfolk
  A troll (shapeshifter) (Lair:5)
  2 meliai
  2 trolls
  4 wind drakes
  12 dancing weapons
  16 tarantellas
  4 blink frogs (Lair:5)
  10 slime creatures (Vaults:2)
  A snapping turtle (Shoals:3)
  11 jumping spiders
  3 small abominations (Lair:5)
  2 spriggans (Lair:5)
  19 culicivoras
  12 water elementals
  2 air elementals (Shoals:4)
  2 basilisks (Lair:5)
  36 redbacks
  A hog (D:13)
  4 humans (D:13)
  A warg (Vaults:1)
  14 orc warriors
  4 ogres
  3 wights (D:7)
  5 orc priests
  13 orc wizards
  An adder (D:3)
  3 gnolls (D:3)
  A white imp (Spider:3)
  30 orcs
  3 kobolds
  2 goblins (D:3)
  2 tentacles (Shoals:1)
413 creatures vanquished.

Vanquished Creatures (others)
  2 very ugly things
  2 ironbound preservers
  2 entropy weavers (Spider:4)
  A yaktaur captain (Vaults:3)
  A merfolk impaler (Shoals:3)
  A boulder beetle (Spider:4)
  An ironbound frostheart (Vaults:2)
  2 merfolk aquamancers (Shoals:4)
  A sea snake (Shoals:1)
  An orb spider (Spider:4)
  A wizard (Vaults:2)
  A steelbarb worm (Spider:4)
  A deep troll (Vaults:2)
  2 harpies
  An ironbound convoker (Vaults:2)
  3 lindwurms
  An orc sorcerer (Vaults:1)
  2 ugly things (Lair:5)
  A wolf spider (Spider:2)
  A vault sentinel (Vaults:1)
  A water nymph (Shoals:4)
  2 demonic crawlers
  A yaktaur (Vaults:1)
  4 merfolk
  2 tarantellas (Spider:2)
  A wind drake (Shoals:4)
  2 slime creatures (Vaults:2)
  A blink frog (Lair:5)
  4 jumping spiders
  A culicivora (Spider:1)
  A jumping spider (shapeshifter) (Lair:5)
  A hog (D:13)
  16 dancing weapons
  3 redbacks
  A chaos spawn (Lair:5)
  4 orc warriors
  An ogre (Orc:2)
  An orc (Vaults:1)
  15 fungi
  46 plants
  6 tentacles (Shoals:1)
  9 withered plants (D:3)
151 creatures vanquished.

Grand Total: 1327 creatures vanquished

Notes
Turn   | Place    | Note
-------+----------+-------------------------------------------
     0 | D:1      | Anamonty the Vampire Enchanter began the quest for the Orb.
     0 | D:1      | Reached XP level 1. HP: 13/13 MP: 3/3
   146 | D:1      | Reached XP level 2. HP: 19/19 MP: 5/5
   149 | D:1      | Learned a level 2 spell: Ensorcelled Hibernation
   279 | D:1      | Found a faded altar of an unknown god.
   465 | D:1      | Reached skill level 5 in Stealth
   970 | D:2      | Reached skill level 5 in Hexes
   970 | D:2      | Gained mutation: You are afflicted with vampirism and can
                  | become a bat while bloodless. [Vampire growth]
   970 | D:2      | Reached XP level 3. HP: 24/24 MP: 3/6
  1109 | D:2      | Noticed Terence
  1116 | D:2      | Learned a level 3 spell: Tukima's Dance
  1134 | D:2      | Killed Terence
  1422 | D:2      | Reached XP level 4. HP: 23/30 MP: 7/7
  2030 | D:3      | Found Naduicox's Antique Armour Shop.
  2117 | D:3      | Noticed Grinder
  2118 | D:3      | Paralysed by Grinder for 3 turns
  2148 | D:4      | Learned a level 3 spell: Confusing Touch
  2441 | D:3      | Killed Grinder
  2442 | D:3      | Reached XP level 5. HP: 12/35 MP: 5/9
  2442 | D:3      | Reached XP level 6. HP: 14/41 MP: 5/10
  2446 | D:3      | Learned a level 3 spell: Dazzling Flash
  2522 | D:3      | Found an ancient bone altar of Kikubaaqudgha.
  2659 | D:3      | Found a hazy altar of Hepliaklqana.
  2661 | D:3      | Found a faded altar of an unknown god.
  3058 | D:3      | Found an iron altar of Okawaru.
  3395 | D:4      | Found a basalt altar of Yredelemnul.
  3406 | D:4      | Found a staircase to the Ecumenical Temple.
  3437 | Temple   | Entered the Ecumenical Temple
  3618 | D:4      | Found a burning altar of Makhleb.
  3655 | D:4      | Reached XP level 7. HP: 21/47 MP: 8/11
  3791 | D:4      | Found a hide-covered altar of Uskayaw.
  3929 | D:4      | Reached skill level 1 in Fighting
  4036 | D:4      | Found a shimmering blue altar of Sif Muna.
  4214 | D:4      | Found a shimmering altar of Xom.
  4214 | D:4      | Found a stormy altar of Qazlal.
  4304 | D:5      | Entered Level 5 of the Dungeon
  5241 | D:5      | Reached XP level 8. HP: 54/54 MP: 9/13
  5637 | D:6      | Reached skill level 10 in Stealth
  5689 | D:6      | Reached skill level 5 in Dodging
  6605 | D:7      | Reached XP level 9. HP: 61/62 MP: 9/15
  6705 | D:7      | Reached skill level 10 in Hexes
  6713 | D:7      | Noticed a cyclops
  6948 | D:7      | Killed a cyclops
  7381 | D:7      | Learned a level 4 spell: Cause Fear
  7584 | D:8      | Reached skill level 5 in Spellcasting
  7867 | D:8      | Found a runed translucent gate.
  7867 | D:8      | Found a runed translucent gate.
  7867 | D:8      | Found a runed translucent gate.
  7868 | D:8      | Noticed an 11-headed hydra
  7869 | D:8      | Noticed lurch's ghost (novice DgHu)
  7876 | D:8      | Noticed Prince Ribbit
  7883 | D:8      | Killed Prince Ribbit
  8261 | D:9      | Found Duxuely's Gadget Gallery.
  8429 | D:9      | Reached XP level 10. HP: 71/71 MP: 14/17
  8534 | D:9      | Reached skill level 5 in Short Blades
  8678 | D:9      | Found Xodoucie's Distillery.
  8688 | D:9      | Bought a potion of heal wounds for 60 gold pieces
  8688 | D:9      | Bought a potion of haste for 120 gold pieces
  8688 | D:9      | Bought a potion of degeneration for 12 gold pieces
  8688 | D:9      | Bought a potion of heal wounds for 60 gold pieces
  9474 | D:10     | Entered Level 10 of the Dungeon
  9499 | D:10     | Noticed Sonja
  9527 | D:10     | Killed Sonja
  9631 | D:10     | Found a shadowy altar of Dithmenos.
  9736 | D:10     | Noticed a two-headed ogre
  9739 | D:10     | Noticed Maggie
  9747 | D:10     | Killed a two-headed ogre
  9752 | D:10     | Killed Maggie
  9840 | D:10     | Noticed a six-headed hydra
  9847 | D:10     | Killed a six-headed hydra
 10329 | D:10     | Reached XP level 11. HP: 78/78 MP: 15/19
 10821 | D:11     | Found a gate leading to a gauntlet.
 10830 | Gauntlet | Entered a Gauntlet
 10830 | Gauntlet | Found a transporter.
 10834 | Gauntlet | Noticed a tengu warrior
 10841 | Gauntlet | Found a transporter.
 11015 | D:11     | Found a staircase to the Lair.
 11031 | D:11     | Reached skill level 5 in Fighting
 11241 | D:11     | Noticed a boulder beetle
 11259 | D:11     | Killed a boulder beetle
 11260 | D:11     | Reached skill level 15 in Stealth
 11444 | D:11     | Noticed a two-headed ogre
 11469 | D:11     | Killed a two-headed ogre
 11651 | D:11     | Got the Vademecum on Imprecation and Elsewhere
 11674 | D:11     | Learned a level 7 spell: Enfeeble
 11837 | D:11     | Reached skill level 1 in Armour
 11867 | D:11     | Found a staircase to the Orcish Mines.
 12039 | D:11     | Noticed a five-headed hydra
 12041 | D:11     | Killed a five-headed hydra
 12107 | D:12     | Noticed a six-headed hydra
 12110 | D:12     | Killed a six-headed hydra
 12374 | D:12     | Noticed a boulder beetle
 12377 | D:12     | Killed a boulder beetle
 12407 | D:12     | Found a portal to a secret trove of treasure.
 12548 | D:12     | Noticed a deep elf pyromancer
 12553 | D:12     | Killed a deep elf pyromancer
 12554 | D:12     | Reached XP level 12. HP: 87/87 MP: 15/22
 12649 | D:12     | Noticed a two-headed ogre
 12671 | D:12     | Killed a two-headed ogre
 13624 | D:13     | Noticed Kirke
 13774 | D:13     | Reached skill level 1 in Evocations
 13925 | D:13     | Noticed a centaur warrior
 13958 | Lair:1   | Entered Level 1 of the Lair of Beasts
 14019 | Lair:1   | Noticed a boulder beetle
 14032 | Lair:1   | Killed a boulder beetle
 14033 | Lair:1   | Reached skill level 15 in Hexes
 14329 | Lair:1   | Noticed an eight-headed hydra
 14331 | Lair:1   | Killed an eight-headed hydra
 14704 | Lair:1   | Noticed a four-headed hydra
 14722 | Lair:1   | Killed a four-headed hydra
 16581 | Lair:2   | Identified the ring of Paoli {Wiz Int+6 Dex+4}
 16705 | Lair:2   | Reached XP level 13. HP: 94/94 MP: 21/24
 17283 | Lair:3   | Found a staircase to the Shoals.
 17368 | Lair:3   | Found a hole to the Spider Nest.
 18436 | Lair:4   | Found a viscous altar of Jiyva.
 18437 | Lair:4   | Found a staircase to the Slime Pits.
 19229 | Lair:4   | Identified a scroll of acquirement
 19235 | Lair:4   | Acquired a book of Chaos
 20256 | Lair:5   | Entered Level 5 of the Lair of Beasts
 20654 | Lair:5   | Identified the +6 short sword of Aqite {vorpal, rElec rPois
                  | Int-4}
 20912 | Lair:5   | Learned a level 8 spell: Discord
 21223 | Lair:5   | Reached XP level 14. HP: 80/103 MP: 21/26
 21272 | Lair:5   | Found a bloodstained altar of Trog.
 22174 | Lair:5   | Reached skill level 10 in Dodging
 22487 | Lair:5   | Found a corrupted altar of Lugonu.
 22487 | Lair:5   | Found a one-way gate to the infinite horrors of the Abyss.
 22937 | Orc:1    | Entered Level 1 of the Orcish Mines
 23164 | Orc:1    | Noticed Erolcha
 23195 | Orc:1    | Killed Erolcha
 23306 | Orc:1    | Noticed Urug
 23314 | Orc:1    | Killed Urug
 23531 | Orc:1    | You fall into a shaft and drop 1 floor!
 23531 | Orc:2    | Entered Level 2 of the Orcish Mines
 23531 | Orc:2    | Noticed Rupert
 23536 | Orc:2    | Paralysed by Rupert for 2 turns
 23547 | Orc:2    | Killed Rupert
 23552 | Orc:2    | Found a staircase to the Elven Halls.
 23557 | Orc:2    | Reached skill level 5 in Evocations
 24228 | Orc:2    | Found a runed translucent gate.
 24228 | Orc:2    | Found a runed translucent gate.
 24228 | Orc:2    | Found a runed translucent gate.
 24229 | Orc:2    | Noticed Jeffwins's ghost (journeyman OgMo)
 24229 | Orc:2    | Noticed Voleoc's ghost (journeyman GrFi)
 24229 | Orc:2    | Noticed Bigaod's ghost (journeyman DsGl)
 24453 | Orc:2    | Noticed an orc warlord
 24458 | Orc:2    | Killed an orc warlord
 24775 | Orc:2    | Found Ilukh's Antique Armour Shoppe.
 24783 | Orc:2    | Bought a glowing cloak for 195 gold pieces
 24822 | Orc:2    | Found Voimnuwuf's Antique Weapon Shoppe.
 25015 | Orc:2    | Found Okhosiuz's Jewellery Shoppe.
 25035 | Orc:2    | Found Kiama's General Store.
 25043 | Orc:2    | Bought a scroll of acquirement for 676 gold pieces
 25043 | Orc:2    | Acquired 705 gold pieces
 25371 | D:13     | Identified the +8 short sword "Byiwy" {protect, rElec
                  | Int+3}
 25716 | D:13     | Killed Kirke
 26290 | D:14     | Found a gate to the Vaults.
 26457 | D:14     | Reached XP level 15. HP: 110/110 MP: 27/27
 26500 | D:14     | Reached skill level 5 in Armour
 26500 | D:14     | Reached skill level 1 in Summonings
 26786 | D:14     | Reached skill level 10 in Short Blades
 27550 | D:15     | Entered Level 15 of the Dungeon
 27626 | D:15     | Noticed Agnes
 27633 | D:15     | Killed Agnes
 28117 | D:15     | Found a staircase to the Depths.
 28117 | D:15     | Noticed a fire giant
 28148 | D:15     | Killed a fire giant
 28835 | Spider:1 | Entered Level 1 of the Spider Nest
 30286 | Spider:1 | Learned a level 3 spell: Dazzling Flash
 30292 | Spider:2 | Noticed an emperor scorpion
 30298 | Spider:2 | Killed an emperor scorpion
 31738 | Spider:3 | Reached XP level 16. HP: 120/120 MP: 19/29
 32894 | Spider:4 | Entered Level 4 of the Spider Nest
 33210 | Spider:4 | Reached skill level 5 in Summonings
 33518 | Spider:4 | Reached skill level 10 in Spellcasting
 33679 | Spider:4 | Identified the +4 ring mail "Trusted Companion" {Will+
                  | Str+2}
 34171 | Spider:4 | Got a gossamer rune of Zot
 34497 | Shoals:1 | Entered Level 1 of the Shoals
 35072 | Shoals:1 | Noticed a kraken
 35080 | Shoals:1 | Killed a kraken
 35225 | Shoals:1 | Found a large runed translucent door.
 35226 | Shoals:1 | Found a large runed translucent door.
 35515 | Shoals:1 | Noticed Liimbo's ghost (adept FoWn)
 35978 | Shoals:2 | Identified the +2 robe "Vyotizus" {Dex+3 Stlth+}
 36035 | Shoals:2 | Reached XP level 17. HP: 112/127 MP: 7/31
 36508 | Shoals:2 | Noticed Polyphemus
 36512 | Shoals:2 | Killed Polyphemus
 36778 | Shoals:3 | Noticed Ilsuiw
 36787 | Shoals:3 | Killed Ilsuiw
 36950 | Shoals:3 | Reached skill level 10 in Fighting
 37195 | Shoals:3 | Noticed Querens's ghost (adept MeFi)
 37291 | Shoals:3 | Found a transporter.
 37329 | Shoals:3 | Found a transporter.
 38127 | Shoals:4 | Entered Level 4 of the Shoals
 38167 | Shoals:4 | Paralysed by an air elemental for 1 turns
 38613 | Shoals:4 | Identified the +9 broad axe of Watchfulness {vamp, Fragile
                  | rElec rPois rF+}
 38613 | Shoals:4 | Identified the amulet "Afo Nounyu" {Acrobat -Cast Str+5
                  | Slay+5}
 38628 | Shoals:4 | Noticed a titan
 38829 | Shoals:4 | Paralysed by an air elemental for 1 turns
 38833 | Shoals:4 | Paralysed by an air elemental for 1 turns
 38994 | Shoals:4 | Found a blossoming altar of Fedhas.
 39148 | Shoals:4 | Paralysed by an air elemental for 1 turns
 39579 | Shoals:4 | Killed a titan
 39640 | Shoals:4 | Got a barnacled rune of Zot
 39919 | Shoals:4 | Found an ornate altar of the Wu Jian Council.
 40624 | Vaults:1 | Entered Level 1 of the Vaults
 40779 | Vaults:1 | Identified the +1 leather armour of the Volcano {rC+ Str+6}
 40966 | Vaults:1 | Reached XP level 18. HP: 136/136 MP: 24/32
 42122 | Vaults:1 | Noticed Saint Roka
 42196 | Vaults:1 | Killed Saint Roka
 42804 | Vaults:1 | Learned a level 5 spell: Summon Mana Viper
 42809 | Vaults:1 | Learned a level 4 spell: Anguish
 43361 | Vaults:2 | Identified the +6 arbalest "Koebitem" {elec, rF+}
 43908 | Vaults:2 | Reached skill level 10 in Summonings
 44518 | Vaults:2 | Reached XP level 19. HP: 143/143 MP: 24/34
 44886 | Vaults:2 | Found a staircase to the Crypt.
 45573 | Vaults:3 | Noticed Aizul
 45576 | Vaults:3 | Killed Aizul
 45770 | Vaults:3 | Killed from afar by a crystal guardian

Illustrated notes

Levels and vault maps discovered:
D:1:      dpeg_arrival_subterranean_lakeside_camping, layout_basic,
          basic_ecumenical_altar
D:2:      layout_loops_ring, uniq_terence
D:3:      layout_loops_ring, beargit_hepliaklqana_dungeon_heroes,
          kiku_gazebo_garden_becter, kennysheep_okawaru_gauntlet, serial_shops,
          shop, pf_guarded_unrand_woodcutter, uniq_grinder
D:4:      layout_rooms, mainiacjoe_overflow_boulevard,
          nicolae_overflow_hidden_temple, demons_altar,
          kennysheep_orc_sif_temple, minmay_temple_entry_glassed_door,
          minmay_manual_moon
D:5:      layout_basic, serial_glass, glass_columns_a, glass_columns_c
D:6:      layout_gridville, tso_oasis_becter
D:7:      layout_loops_ring
D:8:      layout_cave_pools, marbit_many_paths, gammafunk_ghost_hydra_chop,
          uniq_prince_ribbit1
D:9:      layout_cave_pods, serial_shops, nicolae_shop_advertising_works
          [nicolae_subvault_shop_adworks], nicolae_shop_gadgets
D:10:     layout_layer_cave, grunt_dithmenos_smoke_and_mirrors,
          patterned_corridor, uniq_sonja, uniq_maggie
D:11:     layout_basic, minmay_lair_entry_grove, orc_0_dummy,
          gauntlet_entry_generic, minmay_misc_feat_nine_boxes
D:12:     layout_roguey, nicolae_trove_entry_isolated
D:13:     layout_stronghold, serial_ice, serial_ice_n, serial_ice_b,
          serial_ice_a, serial_ice_k, portal_ice_cave_rime, uniq_kirke
D:14:     layout_grid_maze, david_vaults_5, hangedman_decor_opposing
D:15:     grunt_enter_depths_giant_problem, layout_cave_pools,
          minmay_misc_feat_more_columns, chequers_big_river,
          nicolae_lava_and_water, uniq_agnes
Temple:   nicolae_temple_two_arcs
Lair:1:   lemuel_reptile_caves, layout_regular_city, beast_lair_carwin_1
Lair:2:   layout_gridlike, minivault_11
Lair:3:   layout_cave_pods, minmay_shoals_entry_centaurs,
          nicolae_spider_entry_non_spiders, chequers_serial_rivers_large_b,
          fungi_pond_lemuel, serial_bayou_crossing, lemuel_fruit_tree,
          infiniplex_staircase_pool_2
Lair:4:   nzn_winding_woodlands_stair_cross [nzn_winding_woodlands_5x15_default,
          nzn_winding_woodlands_center_lodge,
          nzn_winding_woodlands_5x15_pathside_ponds,
          nzn_winding_woodlands_5x5_checkerboard,
          nzn_winding_woodlands_5x5_closed_star,
          nzn_winding_woodlands_5x15_split_checker,
          nzn_winding_woodlands_center_garden,
          nzn_winding_woodlands_5x15_garden], layout_gridlike, slime_entry_1,
          roderic_carrion_pond
Lair:5:   hellmonk_lair_end_abyssal_woods, layout_loops_ring, basic_altar
Shoals:1: layout_shoals, ebering_ghost_disaster_area
Shoals:2: layout_shoals, uniq_polyphemus
Shoals:3: cheibrodos_shoals_oceanic_diplomacy, layout_shoals,
          gammafunk_ghost_arena, uniq_ilsuiw
Shoals:4: shoals_end_hellmonk_storm_palace [storm_palace_center_ruins,
          storm_palace_corner_narrow, storm_palace_corner_blocked,
          storm_palace_corner_altar, storm_palace_corner_altar]
Spider:1: layout_spider_delve
Spider:2: layout_spider_delve
Spider:3: layout_spider_delve, nicolae_crawler_farm
Spider:4: hellmonk_spider_rune_bug_friends
Orc:1:    layout_diamond_mine, nicolae_orc_damp_corner, uniq_urug, uniq_erolcha
Orc:2:    grunt_orc_cross, layout_caves, gammafunk_ghost_cemetery, basic_altar,
          uniq_rupert
Vaults:1: vaults_mumra_bighexcomb, v_misc_18, ontoclasm_vaults_loading_screen,
          nicolae_vaults_mini_display_case, nicolae_vaults_specimen_jars,
          layout_vaults_omnigrid, uniq_saint_roka
Vaults:2: vaults_dpeg_hooks, nicolae_vaults_yaktaur_gun_rack,
          dpeg_vaults_pockets_of_resistance, grunt_vaults_bifocal,
          grunt_vaults_swirl, nicolae_vaults_shelves_hall,
          vaults_room_door_ring, hangedman_vaults_pinch,
          nicolae_vaults_network_square, minmay_crypt_entry_simple_walls,
          hangedman_vaults_hat, ontoclasm_vaults_chip,
          nicolae_vaults_shelves_hall, nicolae_vaults_little_squares_3,
          grunt_vaults_hallway_long, vaults_room_pools, layout_vaults_ring
Vaults:3: hangedman_vaults_capsules, ontoclasm_vaults_ring_square,
          hangedman_vaults_cutoff, vaults_standard_mumra_enter_the_diamond,
          v_rooms_4, nicolae_vaults_sealed_display, v_misc_10,
          vaults_room_hangedman_quadrants, nicolae_vaults_asterisk,
          vaults_room_hallway, v_alt_pattern_4, ontoclasm_vaults_idyll,
          vaults_room_pool, ontoclasm_vaults_hangar, vaults_room_fancy_cross,
          layout_vaults_omnibox, uniq_aizul

Skill      XL: |  1  2  3  4  5  6  7  8  9 10 11 12 13 14 15 16 17 18 19 |
---------------+----------------------------------------------------------+-----
Stealth        | 5 7 8 9 10 12 14 15 17 18 19 20 21 22 | 22.3
Hexes          | 5 6 7 8 9 11 13 14 15 17 18 20 21 22 | 22.1
Dodging        | 3 4 5 6 7 8 9 10 11 12 13 | 13.6
Spellcasting   | 3 4 5 6 7 8 9 10 11 | 11.6
Fighting       | 1 2 3 4 5 6 7 8 9 10 11 | 11.2
Short Blades   | 2 3 4 6 7 8 9 10 11 12 | 12.0
Armour         | 1 3 4 5 6 7 8 |  8.6
Evocations     | 2 4 5 6 7 8 9 |  9.5
Summonings     | 3 6 8 10 | 10.8

Action                   |  1- 3 |  4- 6 |  7- 9 | 10-12 | 13-15 | 16-18 | 19-21 || total
-------------------------+-------+-------+-------+-------+-------+-------+-------++-------
Melee: Dagger            |   106 |   103 |   190 |   433 |   516 |       |       ||  1348
       Bite              |     7 |    11 |    18 |    46 |   100 |    93 |     9 ||   284
       Punch             |     1 |     1 |     8 |     7 |    11 |    11 |     2 ||    41
       Short sword       |       |       |       |       |   275 |   670 |    52 ||   997
Throw: Dart              |       |       |       |       |     4 |     5 |       ||     9
 Cast: Ensorcelled Hiber |    14 |    13 |    38 |   136 |    94 |    29 |     5 ||   329
       Tukima's Dance    |     1 |    12 |    20 |    24 |    27 |    60 |     2 ||   146
       Confusing Touch   |       |     4 |     9 |    19 |    20 |     6 |     1 ||    59
       Dazzling Flash    |       |       |     1 |     9 |     1 |     1 |       ||    12
       Cause Fear        |       |       |       |     7 |     4 |     1 |       ||    12
       Enfeeble          |       |       |       |     1 |    92 |   101 |    12 ||   206
       Discord           |       |       |       |       |    31 |    68 |     5 ||   104
       Summon Mana Viper |       |       |       |       |       |     2 |     4 ||     6
       Anguish           |       |       |       |       |       |     1 |     1 ||     2
Evoke: Wand              |       |       |       |    11 |     8 |    10 |     4 ||    33
  Use: Scroll            |     2 |     6 |     5 |    12 |    15 |     4 |       ||    44
       Potion            |       |       |       |     1 |     3 |     6 |       ||    10
 Stab: Sleeping          |    14 |    15 |    50 |    92 |   115 |    68 |     7 ||   361
       Confused          |       |     2 |     6 |    17 |    13 |     7 |       ||    45
       Distracted        |       |       |     1 |     2 |     4 |     2 |     2 ||    11
       Invisible         |       |       |       |     5 |    82 |   101 |    10 ||   198
       Fleeing           |       |       |       |       |     1 |       |       ||     1
Armor: Robe              |    19 |     5 |    16 |    17 |       |       |       ||    57
       Leather armour    |       |       |       |    57 |   220 |   154 |    11 ||   442
Dodge: Dodged            |    69 |    50 |   112 |   338 |   597 |   536 |    31 ||  1733
